EL
HARTFORD YARD GOATS @ RICHMOND FLYING SQUIRRELS
07/08/2099
 
TOP OF THE 1ST
Hartford Yard Goats batting - Pitching for Richmond Flying Squirrels : LHP Dave Sapp
Pitching: LHP Dave Sapp
Batting: LHB Luis Rodriguez 0-0: Foul Ball, location: 2F
0-1: DOUBLE (Flyball, 89D, EV 105.0 MPH)
Batting: RHB Pedro Chamaua 0-0: Called Strike
0-1: Ball
1-1: Called Strike
1-2: Ball
2-2: Foul Ball, location: 2F
2-2: Ball
3-2: Strikes out swinging
Batting: RHB Ramon Vazquez 0-0: Ball
Luis Rodriguez steals 3rd base
1-0: Ball
2-0: Called Strike
2-1: Ball
3-1: Called Strike
3-2: Ground out 6-3 (Groundball, 6, EV 86.3 MPH)
Luis Rodriguez scores
Batting: LHB Jake Everett 0-0: Ball
1-0: Ball
2-0: Foul Ball, location: 3DF
2-1: Foul Ball, location: 5DF
2-2: Ball
3-2: Strikes out swinging
Top of the 1st over - 1 run, 1 hit, 0 errors, 0 left on base; Hartford 1 - Richmond 0
BOTTOM OF THE 1ST
Richmond Flying Squirrels batting - Pitching for Hartford Yard Goats : RHP Scott Jarvis
Pitching: RHP Scott Jarvis
Batting: LHB Bill Curtis 0-0: Called Strike
0-1: Ball
1-1: Ball
2-1: Foul Ball, location: 5FF
2-2: Fly out, F6 (Popup, 6MS, EV 79.4 MPH)
Batting: RHB Dusty Sorenson 0-0: Foul Ball, location: 9LDF
0-1: Called Strike
0-2: Ball
1-2: Foul Ball, location: 5F
1-2: Foul Ball, location: 25F
1-2: SINGLE (Line Drive, 89S, EV 98.1 MPH)
Batting: LHB Josh Layne 0-0: Ball
1-0: Fielders Choice at 2nd, 4-6 (Groundball, 4, EV 86.3 MPH)
Now at SS: Steve Warriner
Batting: RHB Nawaf Shafeeq 0-0: Ball
Josh Layne steals 2nd base
1-0: Ground out 4-3 (Groundball, 34, EV 108.1 MPH)
Bottom of the 1st over - 0 runs, 1 hit, 0 errors, 1 left on base; Hartford 1 - Richmond 0
TOP OF THE 2ND
Hartford Yard Goats batting - Pitching for Richmond Flying Squirrels : LHP Dave Sapp
Batting: RHB Ryan Williams 0-0: Ball
1-0: Foul Ball, location: 2F
1-1: Swinging Strike
1-2: Ball
2-2: Strikes out looking
Batting: LHB Ivan Alcantar 0-0: Called Strike
0-1: Ball
1-1: Called Strike
1-2: Ground out 5-3 (Groundball, 56, EV 86.9 MPH)
Batting: LHB Gabe Nino 0-0: DOUBLE (Line Drive, 7LS, EV 91.3 MPH)
Batting: SHB Jason Robbins 0-0: Ball
1-0: Ground out 6-3 (Groundball, 6, EV 86.3 MPH)
Top of the 2nd over - 0 runs, 1 hit, 0 errors, 1 left on base; Hartford 1 - Richmond 0
BOTTOM OF THE 2ND
Richmond Flying Squirrels batting - Pitching for Hartford Yard Goats : RHP Scott Jarvis
Batting: RHB Carlos Rodriguez 0-0: Ball
1-0: Ball
2-0: Ball
3-0: Called Strike
3-1: Swinging Strike
3-2: Base on Balls
Batting: RHB Ed Anstey 0-0: Called Strike
0-1: Sac Bunt to 2R - play at first, batter OUT! 2-3
Carlos Rodriguez to second
Batting: RHB Kevin Berry 0-0: Ball
1-0: Ground out 6-3 (Groundball, 6, EV 78.8 MPH)
Carlos Rodriguez to third
Batting: RHB Willie Gomez 0-0: Ball
1-0: Swinging Strike
1-1: Ball
2-1: Foul Ball, location: 2F
2-2: Strikes out looking
Bottom of the 2nd over - 0 runs, 0 hits, 0 errors, 1 left on base; Hartford 1 - Richmond 0
TOP OF THE 3RD
Hartford Yard Goats batting - Pitching for Richmond Flying Squirrels : LHP Dave Sapp
Batting: LHB Cheh Luo 0-0: Ball
1-0: Called Strike
1-1: Foul Ball, location: 7LMF
1-2: Ball
2-2: Strikes out swinging
Batting: LHB Luis Rodriguez 0-0: Ball
1-0: Ball
2-0: Called Strike
2-1: Ball
3-1: SINGLE (Groundball, 5D, EV 101.3 MPH) (infield hit)
Batting: LHB Steve Warriner 0-0: Foul Ball, location: 9LDF
0-1: Fielders Choice at 2nd, 5-4 (Groundball, 56S, EV 92.5 MPH)
Batting: RHB Ramon Vazquez 0-0: Called Strike
0-1: SINGLE (Line Drive, 4D, EV 110.6 MPH)
Steve Warriner to second
Batting: LHB Jake Everett 0-0: Called Strike
0-1: Ball
1-1: Called Strike
1-2: Foul Ball, location: 2F
1-2: Ball
2-2: Foul Ball, location: 7LSF
2-2: Foul Ball, location: 25F
2-2: Foul Ball, location: 9LDF
2-2: Ball
3-2: Fly out, F9 (Flyball, 9D, EV 95.6 MPH)
Top of the 3rd over - 0 runs, 2 hits, 0 errors, 2 left on base; Hartford 1 - Richmond 0
BOTTOM OF THE 3RD
Richmond Flying Squirrels batting - Pitching for Hartford Yard Goats : RHP Scott Jarvis
Batting: RHB Alex Vasquez 0-0: Ball
1-0: Called Strike
1-1: Ball
2-1: Foul Ball, location: 23FF
2-2: Ball
3-2: Strikes out swinging
Batting: LHB Bill Curtis 0-0: Ball
1-0: Called Strike
1-1: Foul Ball, location: 2F
1-2: Ball
2-2: Foul Ball, location: 2F
2-2: Ball
3-2: Fly out, F9 (Line Drive, 9LS, EV 86.3 MPH)
Batting: RHB Dusty Sorenson 0-0: Ball
1-0: Called Strike
1-1: Foul Ball, location: 23F
1-2: SINGLE (Groundball, 56, EV 102.5 MPH)
Batting: LHB Josh Layne 0-0: Called Strike
0-1: SINGLE (Line Drive, 89S, EV 101.9 MPH)
Dusty Sorenson to second
Batting: RHB Nawaf Shafeeq 0-0: Foul Ball, location: 9LMF
0-1: Ball
1-1: Ball
2-1: Ball
3-1: Fielders Choice at 2nd, 6-4 (Groundball, 6, EV 103.1 MPH)
Bottom of the 3rd over - 0 runs, 2 hits, 0 errors, 2 left on base; Hartford 1 - Richmond 0
TOP OF THE 4TH
Hartford Yard Goats batting - Pitching for Richmond Flying Squirrels : LHP Dave Sapp
Batting: RHB Ryan Williams 0-0: Called Strike
0-1: Ball
1-1: Called Strike
1-2: Strikes out swinging
Batting: LHB Ivan Alcantar 0-0: Ball
1-0: Called Strike
1-1: Called Strike
1-2: Strikes out swinging
Batting: LHB Gabe Nino 0-0: Ball
1-0: Ball
2-0: DOUBLE (Line Drive, 78D, EV 104.4 MPH)
Batting: SHB Jason Robbins 0-0: Ball
1-0: Ball
2-0: Ball
3-0: Called Strike
3-1: SINGLE (Groundball, 56D, EV 96.3 MPH)
Gabe Nino to third
Runner from 3rd tries for Home, SAFE, throw by LF to home
Jason Robbins to second
Batting: LHB Cheh Luo 0-0: Ball
1-0: Called Strike
1-1: Called Strike
1-2: Foul Ball, location: 3F
1-2: SINGLE (Groundball, 6MD, EV 106.3 MPH)
Jason Robbins to third
Runner from 3rd tries for Home, SAFE, throw by CF to home
Pitching: RHP Bryan Babiarz
Batting: LHB Luis Rodriguez 0-0: Ball
1-0: Fly out, F7 (Flyball, 7LD, EV 102.5 MPH)
Top of the 4th over - 2 runs, 3 hits, 0 errors, 1 left on base; Hartford 3 - Richmond 0
BOTTOM OF THE 4TH
Richmond Flying Squirrels batting - Pitching for Hartford Yard Goats : RHP Scott Jarvis
Batting: RHB Carlos Rodriguez 0-0: Ball
1-0: Ball
2-0: Ball
3-0: Called Strike
3-1: Called Strike
3-2: Base on Balls
Batting: RHB Ed Anstey 0-0: Ball
1-0: Foul Ball, location: 5F
1-1: Foul Ball, location: 5F
1-2: Fly out, F8 (Flyball, 8LD, EV 107.5 MPH)
Batting: RHB Kevin Berry 0-0: Swinging Strike
0-1: Foul Ball, location: 2F
0-2: Ball
1-2: Strikes out swinging
Batting: RHB Willie Gomez 0-0: Ball
1-0: Ball
2-0: Foul Ball, location: 3F
2-1: Ball
3-1: Foul Ball, location: 9LMF
3-2: Base on Balls
Carlos Rodriguez to second
Batting: RHB Alex Vasquez 0-0: Ball
1-0: Ball
2-0: Ball
3-0: Called Strike
3-1: Foul Ball, location: 3F
3-2: Base on Balls
Carlos Rodriguez to third
Willie Gomez to second
Batting: LHB Bill Curtis 0-0: Called Strike
0-1: Ball
1-1: Foul Ball, location: 2F
1-2: DOUBLE (Flyball, 8LXD, EV 94.4 MPH)
Carlos Rodriguez scores
Willie Gomez scores
Alex Vasquez to third
Batting: RHB Dusty Sorenson 0-0: Ball
1-0: Called Strike
1-1: Ball
2-1: Ground out 5-3 (Groundball, 5, EV 79.4 MPH)
Bottom of the 4th over - 2 runs, 1 hit, 0 errors, 2 left on base; Hartford 3 - Richmond 2
TOP OF THE 5TH
Hartford Yard Goats batting - Pitching for Richmond Flying Squirrels : RHP Bryan Babiarz
Batting: LHB Steve Warriner 0-0: Called Strike
0-1: Ball
1-1: Foul Ball, location: 5DF
1-2: Foul Ball, location: 7LSF
1-2: Foul Ball, location: 9LSF
1-2: Foul Ball, location: 5FF
1-2: Ball
2-2: Strikes out swinging
Batting: RHB Ramon Vazquez 0-0: Ball
1-0: Ball
2-0: Ball
3-0: Called Strike
3-1: Foul Ball, location: 5F
3-2: Foul Ball, location: 2F
3-2: Strikes out swinging
Batting: LHB Jake Everett 0-0: Ball
1-0: Foul Ball, location: 23F
1-1: SINGLE (Line Drive, 9S, EV 105.6 MPH)
Batting: RHB Ryan Williams 0-0: Ball
1-0: Ball
2-0: Called Strike
2-1: Swinging Strike
2-2: Strikes out swinging
Top of the 5th over - 0 runs, 1 hit, 0 errors, 1 left on base; Hartford 3 - Richmond 2
BOTTOM OF THE 5TH
Richmond Flying Squirrels batting - Pitching for Hartford Yard Goats : RHP Scott Jarvis
Batting: LHB Josh Layne 0-0: Swinging Strike
0-1: Swinging Strike
0-2: Ball
1-2: Ball
2-2: Ball
3-2: Foul Ball, location: 2F
3-2: Base on Balls
Batting: RHB Nawaf Shafeeq 0-0: Called Strike
Josh Layne steals 2nd base
0-1: Ball
1-1: Ball
Wild Pitch!
Josh Layne to third
2-1: Ball
3-1: Swinging Strike
3-2: Fly out, F9 (Flyball, 89M, EV 73.8 MPH)
Runner from 3rd tags up, SCORES, throw by RF
Batting: RHB Carlos Rodriguez 0-0: SOLO HOME RUN (Flyball, 7D, EV 100.0 MPH), Distance : 382 ft
Batting: RHB Ed Anstey 0-0: Ground out 6-3 (Groundball, 6, EV 88.1 MPH)
Batting: RHB Kevin Berry 0-0: Reaches on Catchers interference
Batting: RHB Willie Gomez 0-0: Called Strike
0-1: Called Strike
0-2: Strikes out swinging
Bottom of the 5th over - 2 runs, 1 hit, 1 error, 1 left on base; Hartford 3 - Richmond 4
TOP OF THE 6TH
Hartford Yard Goats batting - Pitching for Richmond Flying Squirrels : RHP Bryan Babiarz
Batting: LHB Ivan Alcantar 0-0: Ball
1-0: SINGLE (Line Drive, 89S, EV 100.6 MPH)
Batting: LHB Gabe Nino 0-0: Ball
1-0: Called Strike
1-1: SINGLE (Groundball, 34D, EV 100.6 MPH)
Ivan Alcantar to second
Runner from 2nd tries for 3rd, SAFE, no throw by RF
Batting: SHB Jason Robbins 0-0: Foul Ball, location: 2F
0-1: Swinging Strike
0-2: Ball
1-2: Foul Ball, location: 7LDF
1-2: Foul Ball, location: 3FF
1-2: Ball
2-2: Foul Ball, location: 2F
2-2: Foul Ball, location: 2F
2-2: Foul Ball, location: 2F
2-2: Ball
3-2: SINGLE (Groundball, 15S, EV 71.3 MPH) (infield hit)
Gabe Nino to second
Batting: LHB Cheh Luo 0-0: SINGLE (Groundball, 34D, EV 106.9 MPH)
Ivan Alcantar scores
Gabe Nino to third
Jason Robbins to second
Runner from 3rd tries for Home, SAFE, throw by RF to home
Batting: LHB Luis Rodriguez 0-0: Swinging Strike
0-1: Ball
1-1: Fly out, F3 (Popup, 34, EV 73.1 MPH)
Batting: LHB Steve Warriner 0-0: Ground out 5-3 (Groundball, 5, EV 85.6 MPH)
Jason Robbins to third
Cheh Luo to second
Batting: RHB Ramon Vazquez 0-0: Called Strike
0-1: Swinging Strike
0-2: Ball
1-2: Strikes out swinging
Top of the 6th over - 2 runs, 4 hits, 0 errors, 2 left on base; Hartford 5 - Richmond 4
BOTTOM OF THE 6TH
Richmond Flying Squirrels batting - Pitching for Hartford Yard Goats : RHP Scott Jarvis
Pitching: RHP Keith Woolsey
Pinch Hitting: RHB Craig Knopp 0-0: Ball
1-0: Foul Ball, location: 2F
1-1: Fly out, F7 (Flyball, 7D, EV 88.1 MPH)
Batting: LHB Bill Curtis 0-0: Foul Ball, location: 2RF
0-1: Swinging Strike
0-2: Ball
1-2: Strikes out swinging
Batting: RHB Dusty Sorenson 0-0: Foul Ball, location: 5FF
0-1: Ball
1-1: Foul Ball, location: 3F
1-2: Ground out 5-3 (Groundball, 56, EV 104.4 MPH)
Bottom of the 6th over - 0 runs, 0 hits, 0 errors, 0 left on base; Hartford 5 - Richmond 4
TOP OF THE 7TH
Hartford Yard Goats batting - Pitching for Richmond Flying Squirrels : RHP Bryan Babiarz
Pitching: RHP Jules Hickman
Now at 3B: Jared LaCount
Now at SS: Kevin Berry
Batting: LHB Jake Everett 0-0: Ball
1-0: Called Strike
1-1: Foul Ball, location: 5DF
1-2: Ball
2-2: Ball
3-2: Foul Ball, location: 9LSFF
3-2: Ground out 6-3 (Groundball, 6, EV 85.0 MPH)
Batting: RHB Ryan Williams 0-0: Called Strike
0-1: Foul Ball, location: 9LSF
0-2: Foul Ball, location: 2F
0-2: Foul Ball, location: 7LSF
0-2: Strikes out swinging
Batting: LHB Ivan Alcantar 0-0: Called Strike
0-1: Ground out 6-3 (Groundball, 6, EV 80.6 MPH)
Top of the 7th over - 0 runs, 0 hits, 0 errors, 0 left on base; Hartford 5 - Richmond 4
BOTTOM OF THE 7TH
Richmond Flying Squirrels batting - Pitching for Hartford Yard Goats : RHP Keith Woolsey
Pitching: LHP Jose Moreno
Batting: LHB Josh Layne 0-0: Called Strike
0-1: Ball
1-1: Ball
2-1: Foul Ball, location: 3FF
2-2: Ball
3-2: TRIPLE (Line Drive, 78XD, EV 103.1 MPH)
Batting: RHB Nawaf Shafeeq 0-0: Called Strike
0-1: Foul Ball, location: 2F
0-2: Ball
1-2: Foul Ball, location: 9LDF
1-2: Ball
2-2: Strikes out swinging
Batting: RHB Carlos Rodriguez 0-0: Ball
1-0: Swinging Strike
1-1: Ball
2-1: Called Strike
2-2: Foul Ball, location: 2RF
2-2: Ball
3-2: Foul Ball, location: 2F
3-2: Fly out, F9 (Flyball, 9LS, EV 89.4 MPH)
Batting: RHB Ed Anstey 0-0: Ball
1-0: Called Strike
1-1: Ball
2-1: Foul Ball, location: 2F
2-2: Ball
3-2: Strikes out looking
Bottom of the 7th over - 0 runs, 1 hit, 0 errors, 1 left on base; Hartford 5 - Richmond 4
TOP OF THE 8TH
Hartford Yard Goats batting - Pitching for Richmond Flying Squirrels : RHP Jules Hickman
Pitching: LHP Alberto Vasquez
Batting: LHB Gabe Nino 0-0: Ball
1-0: Ball
2-0: Foul Ball, location: 7LSF
2-1: Ball
3-1: Foul Ball, location: 3F
3-2: Foul Ball, location: 5F
3-2: Foul Ball, location: 5F
3-2: Ground out U3 (Groundball, 3L, EV 101.3 MPH)
Batting: SHB Jason Robbins 0-0: Foul Ball, location: 23F
0-1: Ball
1-1: Called Strike
1-2: Ground out 5-3 (Groundball, 56, EV 100.6 MPH)
Batting: LHB Cheh Luo 0-0: Foul Ball, location: 2F
0-1: Ball
1-1: DOUBLE (Line Drive, 78D, EV 105.6 MPH)
Batting: LHB Luis Rodriguez 0-0: Ball
1-0: Foul Ball, location: 25FF
1-1: Foul Ball, location: 7LDF
1-2: Foul Ball, location: 2RF
1-2: Foul Ball, location: 2F
1-2: Ball
2-2: Ground out 6-3 (Groundball, 6, EV 89.4 MPH)
Top of the 8th over - 0 runs, 1 hit, 0 errors, 1 left on base; Hartford 5 - Richmond 4
BOTTOM OF THE 8TH
Richmond Flying Squirrels batting - Pitching for Hartford Yard Goats : LHP Jose Moreno
Batting: RHB Kevin Berry 0-0: Ball
1-0: Called Strike
1-1: Ball
2-1: Ball
3-1: Foul Ball, location: 2F
3-2: Base on Balls
Pitching: RHP Dan Anderson
Batting: RHB Willie Gomez 0-0: Bunt missed!
0-1: Ball
1-1: Bunted foul
1-2: Foul Ball, location: 9LMF
1-2: Foul Ball, location: 5SF
1-2: Ball
2-2: Ball
3-2: Foul Ball, location: 5F
3-2: Strikes out swinging
Batting: SHB Jared LaCount 0-0: Foul Ball, location: 7LMF
0-1: Ball
1-1: Called Strike
1-2: Ball
2-2: Ball
3-2: Foul Ball, location: 7LDF
3-2: Fly out, F7 (Line Drive, 7S, EV 88.1 MPH)
Batting: LHB Bill Curtis 0-0: Ball
1-0: SINGLE (Groundball, 5S, EV 73.8 MPH) (infield hit)
Kevin Berry to second
Batting: RHB Dusty Sorenson 0-0: Called Strike
0-1: Swinging Strike
0-2: Ball
1-2: Foul Ball, location: 2F
1-2: Strikes out swinging
Bottom of the 8th over - 0 runs, 1 hit, 0 errors, 2 left on base; Hartford 5 - Richmond 4
TOP OF THE 9TH
Hartford Yard Goats batting - Pitching for Richmond Flying Squirrels : LHP Alberto Vasquez
Batting: LHB Steve Warriner 0-0: Swinging Strike
0-1: Ball
1-1: Foul Ball, location: 2F
1-2: Strikes out swinging
Batting: RHB Ramon Vazquez 0-0: Foul Ball, location: 5F
0-1: Ball
1-1: Swinging Strike
1-2: Strikes out swinging
Pitching: RHP Kyle Brazill
Batting: LHB Jake Everett 0-0: Ball
1-0: Foul Ball, location: 5F
1-1: Foul Ball, location: 2F
1-2: Ball
2-2: Foul Ball, location: 2F
2-2: Fly out, F8 (Flyball, 8RD, EV 99.4 MPH)
Top of the 9th over - 0 runs, 0 hits, 0 errors, 0 left on base; Hartford 5 - Richmond 4
BOTTOM OF THE 9TH
Richmond Flying Squirrels batting - Pitching for Hartford Yard Goats : RHP Dan Anderson
Now in LF: Lorenzo Gutierrez
Now in RF: Gabe Nino
Batting: LHB Josh Layne 0-0: Ball
1-0: Foul Ball, location: 3F
1-1: Ball
2-1: Swinging Strike
2-2: Strikes out swinging, 2-3 out at first.
Batting: RHB Nawaf Shafeeq 0-0: Foul Ball, location: 2F
0-1: Ball
1-1: Foul Ball, location: 2F
1-2: Strikes out swinging
Batting: RHB Carlos Rodriguez 0-0: Ball
1-0: Ball
2-0: Called Strike
2-1: Fly out, F9 (Flyball, 9, EV 85.6 MPH)
Bottom of the 9th over - 0 runs, 0 hits, 0 errors, 0 left on base; Hartford 5 - Richmond 4
Saturday, May 11th , 2024 - OOTP Baseball 24.11 Build 85